 Dungeon Crawl Stone Soup version 0.22-a0-533-g4d20840 (webtiles) character file.

9 iamserjio the Charmwright (level 2, -1/15 HPs)
             Began as a Vine Stalker Skald on June 22, 2018.
             Slain by a gnoll (5 damage)
             ... on level 2 of the Dungeon.
             The game lasted 00:01:49 (232 turns).

iamserjio the Charmwright (Vine Stalker Skald)       Turns: 232, Time: 00:01:49

Health: -1/15      AC:  3    Str: 13    XL:     2   Next: 16%
Magic:  0/6        EV: 11    Int: 13    God:
Gold:   8          SH:  0    Dex: 13    Spells: 4/5 levels left

rFire    . . .     SeeInvis .   b - +0 club
rCold    . . .     Gourm    .   (no shield)
rNeg     . . .     Faith    .   a - +0 leather armour
rPois    .         Spirit   +   (no helmet)
rElec    .         Reflect  .   (no cloak)
rCorr    .         Harm     .   (no gloves)
MR       .....                  (no boots)
Stlth    +.........             (no amulet)
HPRegen  0.05/turn              (no ring)
MPRegen  0.10/turn              (no ring)

@: infused
A: fangs 2, magic shield, antimagic bite, no potion heal 3, rot immunity
a: no special abilities


You were on level 2 of the Dungeon.
You were not hungry.

You visited 1 branch of the dungeon, and saw 2 of its levels.

You collected 8 gold pieces.

Inventory:

Hand Weapons
 b - a +0 club (weapon)
Missiles
 d - 9 poisoned needles
Armour
 a - a +0 leather armour (worn)
Scrolls
 e - a scroll of teleportation {unknown}
Comestibles
 c - 2 rations


   Skills:
 + Level 2.0 Fighting
 - Level 0.7 Armour
 - Level 1.5 Dodging
 * Level 2.5 Unarmed Combat
 - Level 2.1 Spellcasting
 - Level 3.0 Charms


You had 4 spell levels left.
You knew the following spells:

 Your Spells              Type           Power        Failure   Level  Hunger
a - Infusion              Chrm           #...         10%         1    ##.....

Your spell library contained the following spells:

 Spells                   Type           Power        Failure   Level  Hunger
 Regeneration             Chrm/Necr      #.........   45%         3    ####...
 Shroud of Golubria       Chrm/Tloc      #.........   26%         2    ###....
 Song of Slaying          Chrm           #.......     14%         2    ###....
 Spectral Weapon          Hex/Chrm       #.......     45%         3    ####...


Dungeon Overview and Level Annotations

Branches:
Dungeon (2/15)

Altars:


Innate Abilities, Weirdness & Mutations

You have extremely sharp teeth.
When hurt, damage is shared between your health and your magic reserves.
Your bite disrupts and absorbs the magic of your enemies.
Potions cannot restore your health.
You are immune to rotting.


Message History

A gnoll comes into view.
The gnoll shouts!
You hear a shout!
You hear an angry hiss.
A gnoll comes into view. It is wielding a club.
The gnoll shouts!
You hear a shout!
A gnoll comes into view. It is wielding a spear.
A quokka and a gnoll come into view.
The gnoll shouts!
Memorise Song of Slaying, consuming 2 spell levels and leaving 2?
You start memorising the spell.
You continue memorising.
The gnoll hits you.
Your memorisation is interrupted.
* * * LOW HITPOINT WARNING * * *
Casting: Infusion (safe; 10% risk of failure)
Confirm with . or Enter, or press ? or * to list all spells.
You begin infusing your attacks with magical energy.
The adder hisses angrily.
The gnoll hits you but does no damage.
You closely miss the gnoll. The gnoll hits you.
* * * LOW HITPOINT WARNING * * *
You closely miss the gnoll. The gnoll hits you!
You die...

. ...
....g##########
....ggg@......#
.....r#######.##
..#+# #........#
#.###....#
#........#
#........#
#.#...######.
#....<.......
#############


You could see 4 gnolls and a quokka.

Vanquished Creatures
  A giant cockroach (D:1)
  3 goblins (D:1)
  2 kobolds (D:1)
  3 bats (D:1)
9 creatures vanquished.

Notes
Turn   | Place    | Note
-------+----------+-------------------------------------------
     0 | D:1      | iamserjio the Vine Stalker Skald began the quest for the Orb.
     0 | D:1      | Reached XP level 1. HP: 11/11 MP: 4/4
   191 | D:1      | Reached XP level 2. HP: 3/15 MP: 0/6
   232 | D:2      | Slain by a gnoll

Vault maps used:
D:1:      shiori_arrival_oz
D:2:      amethyst_overflow_temple_binary, old_standard_altar, minmay_surrounded

Skill      XL: |  1 |
---------------+----+-----
Fighting       | 2 |  2.0
Armour         | |  0.7
Dodging        | |  1.5
Unarmed Combat | |  2.5
Spellcasting   | |  2.1
Charms         | |  3.0

Action                   || total
-------------------------++-------
Melee: Club              ||    23
       Unarmed           ||    12
       Bite              ||     6
 Cast: Infusion          ||     3
Armor: Leather armour    ||    27
Dodge: Dodged            ||    26

Table legend:
 A = Spawn XP
 B = Non-spawn XP
 C = Spawn XP percentage of total XP
 D = Spawn monster count
 E = Non-spawn monster count
 F = Spawn count percentage of total count
 G = Total turns spent on level
                    A         B        C        D         E        F      G
               +---------+---------+-------+---------+---------+-------+---------
         Total |       0 |      14 |   0.0 |       0 |       9 |   0.0 |   232
               +---------+---------+-------+---------+---------+-------+---------
           D:1 |       0 |      14 |   0.0 |       0 |       9 |   0.0 |   215
               +---------+---------+-------+---------+---------+-------+---------
